 Dungeon Crawl Stone Soup version 0.28-a0-1624-g820543e53a (webtiles) character file.

Game seed: 6170623372719898635

501 dolemite99 the Spear-Bearer (level 7, -2/52 HPs)
             Began as a Merfolk Chaos Knight on Jan 23, 2022.
             Was a Plaything of Xom.
             Splashed by a jelly's acid (5 damage)
             ... on level 4 of the Dungeon.
             The game lasted 00:05:42 (4215 turns).

dolemite99 the Spear-Bearer (Merfolk Chaos Knight)  Turns: 4215, Time: 00:05:42

Health: -2/52      AC:  0    Str: 14    XL:     7   Next: 17%
Magic:  7/7        EV: 12    Int: 12    God:    Xom [....*.]
Gold:   128        SH:  0    Dex: 13    Spells: 6/6 levels left

rFire   . . .      SeeInvis .   a - +2 spear (chaos)
rCold   . . .      Faith    .   (no shield)
rNeg    . . .      Spirit   .   b - +2 leather armour
rPois   .          Reflect  .   i - +1 helmet
rElec   .          Harm     .   (no cloak)
rCorr   .          Rampage  .   (no gloves)
Will    .....                   (no boots)
Stlth   +.........              (no amulet)
HPRegen 0.17/turn               (no ring)
MPRegen 0.10/turn               (no ring)

@: corroded
A: (nimble swimmer 2), mertail
a: Renounce Religion


You were on level 4 of the Dungeon.
You worshipped Xom.
You were a beloved toy of Xom.
You visited 1 branch of the dungeon, and saw 4 of its levels.

You collected 182 gold pieces.
You spent 54 gold pieces at shops.

Inventory:

Hand Weapons
 a - a +2 spear of chaos (weapon)
Missiles
 c - 133 stones (quivered)
 e - 51 arrows
 o - 5 curare-tipped darts
 p - 5 poisoned darts
Armour
 b - a +2 leather armour (worn)
 i - a +1 helmet (worn)
Wands
 l - a wand of iceblast (7)
 s - a wand of flame (21)
Scrolls
 d - 2 scrolls of amnesia
 g - a scroll of teleportation
 k - 2 scrolls of noise
Potions
 f - a potion of lignification {unknown}
 h - 3 potions of curing
 n - 2 potions of resistance {unknown}
 r - a potion of haste {unknown}


   Skills:
 - Level 3.2 Fighting
 + Level 11.3 Polearms
 - Level 0.6 Armour
 - Level 2.6 Dodging


You had 6 spell levels left.
You didn't know any spells.
Your spell library contained the following spells:

 Spells                   Type           Power      Damage    Failure   Level
 Sandblast                Erth           0%         2d4       38%         1
 Corpse Rot               Necr/Air       0%         N/A       54%         2
 Passwall                 Tmut/Erth      0%         N/A       54%         2
 Poisonous Vapours        Pois/Air       0%         N/A       54%         2
 Stone Arrow              Conj/Erth      0%         3d7       77%         3


Dungeon Overview and Level Annotations

Branches:
Dungeon (4/15)
 Temple: D:4-7

Altars:
Dithmenos
Kikubaaqudgha
Trog

Shops:
D:2 *


Innate Abilities, Weirdness & Mutations

((You are very nimble when in or above water. (Stealth+, EV+, Speed+++)))
Your lower body shifts to a powerful aquatic tail in water.


Message History

The worm is lightly wounded.
You hit the worm. You drain the worm.
The worm is heavily wounded.
You hit the worm.
The worm looks even sicker.
The worm is severely wounded.
The worm bites you.
You hit the worm.
You kill the worm!
No reachable target in view!
No reachable target in view!
No reachable target in view!
No reachable target in view!
You hit the jelly.
Your hands burn!
The jelly is lightly wounded.
The jelly barely misses you.
You hit the jelly. You freeze the jelly. The acid corrodes you!
Your hands burn!
The jelly is moderately wounded.
You hit the jelly. You freeze the jelly. The acid corrodes you!
Your hands burn!
The jelly is heavily wounded.
The jelly closely misses you.
You hit the jelly.
Your hands burn!
The jelly is severely wounded.
You puncture the jelly!
The jelly resists with some effort.
Your hands burn!
The jelly is almost dead.
The jelly hits you.
You are splashed with acid!
You hit the jelly. You drain the jelly.
Your hands burn!
The jelly is almost dead.
A jelly is nearby!
You hit the jelly but do no damage.
Your hands burn!
* * * LOW HITPOINT WARNING * * *
The jelly is almost dead.
The jelly hits you.
* * * LOW HITPOINT WARNING * * *
You are splashed with acid!
* * * LOW HITPOINT WARNING * * *
You hit the jelly but do no damage.
Your hands burn!
You die...
Xom laughs nastily!

* *****,* #.§≈.. * *,,...* #.§≈.#
* *****,,...****############..≈.#
* *>,,+,,.#.!.,,..............≈.#
* *,**,,,###..**#######.#####.≈.#
* *,**,,*#(##.##*######.# #.≈.# *
*,*,,,,#.#....##......# ##.≈.) *
*,,,*,*#.##.#J.#......# #..≈≈≈
***,,****r..####@.......# #.....
**,,**,,,.:...Z##.......# #.####
**,,,**.#...####........# #.####
**,,,.#.##.##.#†.#.....## #.....
,,,,,....#.#.....##############.#
***,,##.##[##.##.#...............
***,,,...###.....................
,,,,,###..#....#....########†....
,,,,,#.........#....# #.##..


You could see a jelly (drained), a quokka and a hound skeleton.

Vanquished Creatures
  Grinder (D:3)
  An ogre (D:4)
  An iguana (D:2)
  Robin (D:2)
  3 adders
  A worm (D:4)
  A dart slug (D:3)
  5 orcs (D:3)
  4 endoplasms
  10 goblins
  14 hobgoblins
  3 quokkas
  4 ball pythons
  2 bats
  2 frilled lizards
  3 kobolds
  3 rats (D:2)
59 creatures vanquished.

Vanquished Creatures (collateral kills)
  A necrophage (D:4)
1 creature vanquished.

Grand Total: 60 creatures vanquished

Notes
Turn   | Place    | Note
-------+----------+-------------------------------------------
     0 | D:1      | dolemite99 the Merfolk Chaos Knight began the quest for the
                  | Orb.
     0 | D:1      | Reached XP level 1. HP: 18/18 MP: 1/1
    23 | D:1      | XOM: silly message
   249 | D:1      | XOM: silly message
   272 | D:1      | XOM: butterfly on damage
   333 | D:1      | XOM: silly message
   370 | D:1      | XOM: noise
   447 | D:1      | Reached skill level 5 in Polearms
   531 | D:1      | XOM: silly message
   599 | D:1      | Reached XP level 2. HP: 24/24 MP: 2/2
   698 | D:1      | XOM: divination: detect creatures
   736 | D:1      | XOM: divination: magic mapping
   928 | D:2      | Reached skill level 6 in Polearms
   928 | D:2      | Reached XP level 3. HP: 24/29 MP: 3/3
   997 | D:2      | XOM: silly message
  1137 | D:2      | XOM: silly message
  1231 | D:2      | Found an ancient bone altar of Kikubaaqudgha.
  1280 | D:2      | Reached XP level 4. HP: 35/35 MP: 4/4
  1285 | D:2      | Reached skill level 7 in Polearms
  1290 | D:2      | Noticed Robin
  1299 | D:2      | XOM: confuse monster(s)
  1304 | D:2      | Killed Robin
  1448 | D:2      | XOM: noise
  1561 | D:2      | XOM: cloud trail
  1694 | D:2      | Found Ryithiaff's Assorted Antiques.
  1707 | D:2      | Bought a scroll labelled UGAMOR FORUA for 18 gold pieces
  1707 | D:2      | Bought a scroll labelled EPER XOUFUORE for 18 gold pieces
  1707 | D:2      | Bought a scroll labelled IDIJ BOACI for 18 gold pieces
  2193 | D:3      | Noticed Grinder
  2197 | D:3      | XOM: smoke on damage
  2199 | D:3      | Paralysed by Grinder for 7 turns
  2205 | D:3      | XOM: potion effect (berserk rage)
  2209 | D:3      | HP: 2/52 [Grinder (1)]
  2211 | D:3      | Killed Grinder
  2212 | D:3      | Reached skill level 9 in Polearms
  2212 | D:3      | Reached XP level 5. HP: 3/41 MP: 5/5
  2212 | D:3      | Reached XP level 6. HP: 3/47 MP: 6/6
  2479 | D:3      | XOM: cloud trail
  2677 | D:3      | XOM: polymorph dart slug -> adder
  2694 | D:3      | Reached skill level 10 in Polearms
  3160 | D:3      | XOM: cloud trail
  3541 | D:4      | XOM: silly message
  3558 | D:4      | Noticed a necrophage
  3561 | D:4      | XOM: cast spell 'Summon Hydra'
  3566 | D:4      | Killed a necrophage
  3636 | D:4      | Found a shadowy altar of Dithmenos.
  3664 | D:4      | XOM: cloud trail
  3832 | D:4      | XOM: 1-stop teleportation journey
  3864 | D:4      | XOM: god gift: 22 bolts
  4050 | D:4      | Found a bloodstained altar of Trog.
  4056 | D:4      | Reached skill level 11 in Polearms
  4056 | D:4      | Reached XP level 7. HP: 52/52 MP: 7/7
  4215 | D:4      | Splashed by a jelly's acid

Illustrated notes

Levels and vault maps discovered:
D:1:      pf_arrival_petrified_forest, layout_basic, chequers_mini_garden
D:2:      layout_loops_corners, basic_altar, serial_shops, shop, uniq_robin
D:3:      layout_basic, uniq_grinder
D:4:      layout_basic, mainiacjoe_overflow_brackets,
          nicolae_dithmenos_through_a_glass_darkly,
          minmay_fractal_squares_gapless_5

Skill      XL: |  1  2  3  4  5  6 |
---------------+-------------------+-----
Polearms       | 5 6 9 11 | 11.3
Fighting       | |  3.2
Armour         | |  0.6
Dodging        | |  2.6

Action                   |  1- 3 |  4- 6 |  7- 9 || total
-------------------------+-------+-------+-------++-------
Melee: Spear             |    65 |   139 |    12 ||   216
       Punch             |       |     1 |       ||     1
Throw: Stone             |     7 |    13 |       ||    20
Evoke: Wand              |       |     2 |       ||     2
  Use: Scroll            |       |     4 |     5 ||     9
Armor: Leather armour    |    18 |    22 |       ||    40
Dodge: Dodged            |    13 |    44 |     2 ||    59

Table legend: (Time is in decaauts)
 A = Elapsed time spent in this place.
 B = Non-inter-level travel time spent in this place.
 C = Inter-level travel time spent in this place.
 D = Time resting spent in this place.
 E = Time spent auto-exploring this place.
 F = Levels seen in this place.
 G = Mean time per level.
                   A        B        C        D        E       F      G
               +--------+--------+--------+--------+--------+-----+--------+
         Total |   4166 |   4104 |     62 |    954 |   2556 |   4 | 1041.5 |
       Dungeon |   4166 |   4104 |     62 |    954 |   2556 |   4 | 1041.5 |
               +--------+--------+--------+--------+--------+-----+--------+

Top non-repeatable levels by time:
     D:3: 1438 daAuts
     D:2: 1207 daAuts
     D:1: 827 daAuts
     D:4: 692 daAuts
